Map: 16 бит РВ

Players

Ayaya

  • Race: Terran Terran
  • League: Platinum
  • Spawn Location: 1:00

Читер 1 (кошмар) - Winner!

  • Race: Zerg Zerg
  • Spawn Location: 7:00

VOD

Have the link to the VOD?

Description

Time

  • Played on: March 12, 2019, 7:57 a.m.
  • Length: 24:55
Show
View Real Time Build Order
Export as new Build Order

Ayaya Terran 

Build Orders:  

Get SALT Encoding   

  12  0:01  SCV  
  13  0:13  SCV  
  14  0:18  Supply Depot  
  14  0:25  SCV  
  15  0:40  SCV  
  15  0:42  Barracks  
  16  0:52  Refinery  
  16  0:53  SCV  
  17  1:05  SCV  
  18  1:17  SCV  
  19  1:30  Orbital Command  
  19  1:36  Marine  
  20  1:43  Command Center  
  20  1:57  SCV  
  21  2:05  Barracks Reactor  
  21  2:07  Barracks  
  21  2:09  SCV  
  22  2:15  Factory  
  22  2:23  SCV  
  22  2:28  Refinery, Supply Depot  
  23  2:49  Marine x2, SCV  
  26  2:56  Barracks Tech Lab  
  26  3:00  Orbital Command  
  26  3:02  SCV  
  27  3:07  Factory Reactor  
  27  3:11  Starport  
  27  3:13  Marine x2  
  27  3:18  SCV  
  30  3:21  Marine  
  30  3:24  Stimpack  
  30  3:26  SCV  
  32  3:31  SCV  
  33  3:35  Marine x2  
  35  3:42  SCV, Marine  
  35  3:48  Supply Depot  
  37  3:54  SCV, Marine x2  
  40  3:59  Medivac  
  40  4:01  Marine, Medivac  
  40  4:02  SCV  
  46  4:06  Factory Tech Lab  
  46  4:09  Supply Depot  
  46  4:10  SCV  
  46  4:14  Supply Depot  
  46  4:15  SCV  
  46  4:16  Marine  
  49  4:17  Marine  
  50  4:28  Siege Tank  
  50  4:29  SCV  
  50  4:30  Marine, SCV  
  56  4:42  SCV x2  
  56  4:43  Marine x2  
  56  4:44  Liberator  
  60  4:50  Command Center  
  60  4:53  Supply Depot  
  60  4:54  SCV  
  60  4:56  Marine  
  62  5:06  Supply Depot  
  65  5:09  Refinery  
  65  5:17  SCV x2, Marine x3  
  65  5:21  Siege Tank  
  71  5:40  SCV x2, Marine x3  
  71  5:42  Liberator  
  73  5:49  Supply Depot  
  73  5:51  Supply Depot x2  
  73  5:52  Refinery  
  73  5:53  Widow Mine  
  75  5:59  Barracks  
  75  6:00  Marine  
  79  6:12  SCV x2  
  79  6:14  Marine x2  
  79  6:15  Orbital Command  
  83  6:26  SCV  
  83  6:27  Engineering Bay  
  83  6:28  Engineering Bay, SCV  
  83  6:30  Combat Shield  
  85  6:34  Marine  
  85  6:35  Marine  
  85  6:38  Orbital Command  
  87  6:43  Supply Depot  
  87  6:49  Liberator x2  
  87  7:03  SCV x2  
  87  7:04  SCV  
  87  7:05  Marine x3  
  87  7:06  Siege Tank  
  102  7:09  Terran Infantry Weapons Level 1  
  102  7:12  Terran Infantry Armor Level 1  
  102  7:22  SCV x3  
  105  7:27  Supply Depot  
  105  7:29  Supply Depot  
  105  7:31  Marine x3  
  105  7:33  Barracks Reactor  
  108  7:41  Barracks  
  108  7:43  Barracks  
  108  7:46  SCV x3  
  111  7:53  Supply Depot  
  111  7:55  Marine x2, Supply Depot  
  111  7:58  SCV  
  114  8:00  Siege Tank  
  117  8:32  Siege Tank  
  120  8:34  Armory  
  120  8:35  Armory  
  120  8:41  Marine x3  
  120  8:42  Factory  
  120  8:43  Factory  
  120  8:45  Viking  
  120  8:46  Factory  
  120  8:48  Viking  
  127  8:50  Refinery x2  
  127  8:53  SCV x3  
  130  9:04  Siege Tank  
  130  9:05  SCV x3  
  136  9:19  Supply Depot  
  136  9:22  SCV x3  
  136  9:23  Supply Depot  
  139  9:32  Factory Tech Lab  
  139  9:33  Factory Tech Lab x2  
  139  9:34  SCV  
  140  9:40  Terran Vehicle Weapons Level 1, Terran Vehicle And Ship Armor Level 1  
  140  9:41  SCV  
  140  9:42  SCV, Marine x2  
  140  9:43  Marine x2  
  144  9:46  SCV  
  141  10:09  Supply Depot  
  141  10:10  Supply Depot  
  141  10:12  Supply Depot  
  141  10:15  Siege Tank x2  
  147  10:31  Siege Tank x2  
  153  10:36  Supply Depot  
  153  10:46  Marine  
  153  10:47  Siege Tank x2, Marine x3  
  163  11:03  Siege Tank  
  169  11:09  Command Center  
  169  11:11  Medivac x2  
  165  11:21  Command Center  
  165  11:28  Supply Depot  
  165  11:30  Supply Depot  
  165  11:31  Supply Depot  
  165  11:32  Supply Depot x2  
  165  11:42  Siege Tank x3  
  165  11:43  Marine x5  
  179  11:47  Viking  
  179  11:50  Viking  
  179  11:51  Terran Vehicle Weapons Level 2  
  179  11:52  Terran Vehicle And Ship Armor Level 2  
  179  11:54  Supply Depot x3  
  183  11:55  Supply Depot  
  183  11:59  Supply Depot  
  183  12:01  Marine  
  151  12:41  Starport  
  151  12:47  Starport  
  151  12:50  Starport  
  146  12:57  Siege Tank x3  
  155  12:58  Viking x2  
  159  13:20  SCV x4  
  163  13:32  Siege Tank x2, SCV  
  163  13:33  Viking x2  
  163  13:34  Viking x3  
  178  13:35  Marine x4  
  184  13:52  Marine x2  
  184  13:53  Siege Tank  
  149  14:17  Marine x4  
  149  14:19  Siege Tank x2  
  144  14:29  Siege Tank  
  123  14:31  Viking x2  
  155  14:38  Starport Reactor  
  155  14:42  Starport Tech Lab  
  155  14:45  Starport Reactor  
  151  15:07  Planetary Fortress  
  151  15:10  Refinery  
  151  15:11  Refinery  
  151  15:16  Siege Tank x2  
  151  15:17  Siege Tank  
  151  15:18  Viking x3  
  151  15:19  Viking  
  151  15:20  Raven  
  170  15:23  Viking x2, Command Center  
  174  15:29  Terran Ship Weapons Level 1  
  174  15:32  Terran Vehicle Weapons Level 3  
  174  15:48  SCV  
  174  15:49  SCV  
  176  16:15  Siege Tank x3  
  176  16:16  Viking x3  
  176  16:17  Viking  
  193  16:18  Viking  
  193  16:19  Raven  
  197  16:38  Siege Tank  
  197  16:49  Refinery  
  197  16:57  Factory  
  197  16:58  Factory  
  197  17:02  Refinery  
  197  17:05  Command Center  
  184  17:29  Siege Tank x4  
  177  17:30  Viking x4  
  177  17:31  Viking x2  
  177  17:32  Viking  
  186  17:56  Command Center  
  186  18:26  SCV x3  
  189  18:55  Viking x2  
  191  18:56  Viking  
  191  18:57  Siege Tank  
  191  19:00  Terran Vehicle And Ship Armor Level 3  
  182  19:19  Siege Tank x2  
  182  19:21  Viking x3  
  190  20:11  Viking x5  
  190  20:12  Viking  
  190  20:13  Viking  
  125  20:41  Orbital Command  
  121  20:53  Siege Tank x3  
  121  20:54  Viking  
  121  20:55  Viking x6  
  144  21:05  Refinery  
  144  21:09  Refinery  
  132  21:24  Viking  
  132  21:25  Viking x3, Marine x3  
  138  21:26  Marine  
  141  21:53  SCV x5  
  146  22:05  SCV  
  137  22:30  Siege Tank x3  
  137  22:31  Viking x5  
  149  22:53  Refinery x2  
  147  23:07  Siege Tank x3  
  147  23:08  Viking x3  
  147  23:09  Viking  
  121  23:48  Marine  
  121  23:49  Marine x4  
  121  23:50  Siege Tank x2  
  121  23:51  Viking x2, Siege Tank  
  121  23:52  Viking x2  
  137  24:06  Marine x3  
Show
View Real Time Build Order
Export as new Build Order

Читер 1 (кошмар) Zerg - Winner!

Build Orders: Pool First, Lurkers 

Get SALT Encoding   

  12  0:00  Drone  
  13  0:12  Overlord  
  13  0:15  Drone  
  14  0:30  Drone x2  
  16  0:38  Spawning Pool  
  16  0:39  Drone  
  16  0:44  Drone  
  17  1:05  Drone, Hatchery  
  17  1:08  Extractor, Drone  
  17  1:16  Drone  
  18  1:27  Drone  
  18  1:31  Queen  
  21  1:38  Overlord  
  21  1:49  Drone  
  22  1:59  Zergling x2  
  23  2:01  Roach Warren  
  23  2:02  Extractor  
  23  2:06  Queen  
  23  2:10  Drone  
  24  2:17  Drone  
  24  2:21  Drone  
  26  2:28  Drone  
  27  2:31  Overlord  
  27  2:37  Drone x3  
  27  2:39  Drone  
  27  2:43  Zergling x2  
  32  2:49  Drone  
  33  2:55  Zergling x2  
  34  3:00  Lair, Roach  
  34  3:05  Roach  
  38  3:09  Roach, Drone  
  38  3:10  Roach, Overlord  
  43  3:17  Drone  
  44  3:22  Overlord  
  44  3:29  Drone  
  44  3:32  Drone  
  46  3:38  Drone x3  
  46  3:39  Drone  
  50  3:43  Drone  
  50  3:44  Zergling x2  
  50  3:45  Drone x2  
  54  3:50  Zergling x2  
  54  3:54  Zergling x2  
  56  4:00  Roach  
  56  4:02  Hydralisk Den  
  57  4:05  Drone  
  57  4:06  Overlord x2  
  57  4:07  Roach, Evolution Chamber  
  59  4:12  Evolution Chamber, Drone  
  59  4:16  Drone  
  60  4:17  Overlord  
  60  4:22  Overlord  
  60  4:24  Drone x2  
  60  4:29  Drone  
  63  4:32  Lurker Den  
  63  4:33  Drone  
  63  4:34  Hydralisk, Zerg Ground Armor Level 1  
  63  4:35  Drone  
  63  4:36  Roach  
  63  4:37  Zerg Missile Weapons Level 1  
  68  4:39  Hydralisk  
  68  4:44  Overlord  
  70  4:47  Hydralisk  
  70  4:48  Roach, Overlord  
  70  4:50  Hydralisk  
  76  4:55  Overlord  
  76  5:15  Hydralisk, Drone, Hatchery  
  78  5:22  Hydralisk  
  78  5:23  Drone x4  
  78  5:24  Extractor, Drone x2  
  78  5:26  Evolution Chamber  
  78  5:28  Drone  
  85  5:32  Drone, Hatchery  
  85  5:33  Drone x3  
  78  5:39  Drone  
  78  5:41  Drone  
  79  5:46  Extractor  
  79  5:48  Spine Crawler  
  79  5:49  Drone  
  78  5:50  Queen  
  78  5:52  Spine Crawler, Zergling x2, Drone x3  
  78  5:55  Spine Crawler  
  82  5:58  Ravager  
  82  6:00  Ravager, Lurker x2  
  82  6:01  Roach, Zergling x4, Drone  
  82  6:02  Lurker  
  82  6:03  Spine Crawler, Drone  
  92  6:12  Overseer, Pneumatized Carapace, Drone  
  92  6:14  Drone  
  94  6:23  Drone  
  94  6:25  Roach, Ravager  
  98  6:26  Roach, Queen  
  98  6:27  Burrow  
  98  6:29  Overlord  
  98  6:30  Roach, Zergling x2  
  98  6:32  Metabolic Boost  
  105  6:34  Roach  
  105  6:36  Hydralisk  
  105  6:39  Infestation Pit, Drone  
  109  6:44  Drone x2, Queen, Baneling Nest  
  109  6:47  Drone, Spore Crawler  
  111  6:48  Drone  
  111  6:49  Zerg Melee Weapons Level 1  
  111  6:50  Spore Crawler  
  111  6:54  Extractor, Drone  
  111  6:55  Spine Crawler, Drone  
  111  6:56  Extractor  
  111  6:58  Drone  
  111  6:59  Roach, Drone x2, Hatchery  
  111  7:01  Drone, Overlord  
  115  7:02  Roach  
  115  7:03  Zerg Missile Weapons Level 2  
  115  7:05  Drone  
  115  7:06  Drone  
  120  7:09  Drone  
  120  7:10  Drone  
  122  7:15  Drone  
  122  7:16  Drone  
  122  7:20  Drone  
  122  7:21  Drone  
  126  7:26  Drone  
  126  7:27  Baneling, Overlord  
  126  7:28  Baneling x6  
  126  7:29  Baneling x3  
  127  7:30  Baneling x3, Infestor, Zergling x2, Drone, Centrifical Hooks  
  127  7:31  Zergling x2  
  127  7:33  Drone  
  133  7:37  Drone  
  133  7:38  Drone  
  133  7:42  Drone  
  133  7:43  Drone  
  137  7:46  Spore Crawler  
  137  7:47  Overlord  
  137  7:48  Drone  
  137  7:50  Infestor, Zergling x2, Drone  
  141  7:51  Zerg Ground Armor Level 2, Glial Reconstitution  
  141  7:53  Zergling x2  
  141  7:54  Drone  
  141  7:56  Spine Crawler, Spore Crawler  
  142  7:58  Zergling x4  
  142  7:59  Spine Crawler, Zergling x4, Drone  
  142  8:03  Zergling x2  
  146  8:06  Roach, Ravager  
  146  8:10  Hydralisk, Roach, Queen, Overlord  
  146  8:11  Baneling x2  
  146  8:12  Baneling x5  
  155  8:14  Overseer, Zergling x2  
  155  8:16  Zergling x2  
  155  8:17  Overseer  
  155  8:19  Infestor, Pathogen Glands, Zergling x2, Drone  
  161  8:21  Infestor, Zergling x2, Drone  
  161  8:24  Extractor  
  161  8:25  Drone  
  165  8:27  Drone, Spore Crawler  
  165  8:28  Hydralisk, Extractor, Drone x3, Overlord  
  165  8:29  Roach  
  165  8:32  Drone x2  
  173  8:44  Spine Crawler, Zergling x2, Zerg Melee Weapons Level 2  
  173  8:45  Spire, Drone  
  173  8:46  Roach, Drone, Overlord  
  176  8:49  Hive  
  176  8:52  Spore Crawler  
  176  8:53  Drone  
  176  8:55  Spine Crawler  
  175  8:56  Drone  
  175  8:58  Spine Crawler  
  175  8:59  Drone  
  176  9:04  Spine Crawler, Hydralisk, Overlord  
  176  9:05  Hydralisk, Drone  
  176  9:09  Infestor  
  180  9:10  Tunneling Claws  
  180  9:14  Infestor  
  180  9:16  Ravager, Neural Parasite  
  185  9:23  Roach, Overlord  
  187  9:24  Spore Crawler  
  187  9:25  Drone  
  187  9:28  Roach  
  187  9:29  Roach  
  191  9:32  Lurker  
  191  9:33  Hydralisk, Spore Crawler  
  191  9:36  Spine Crawler, Drone  
  191  9:38  Drone, Spore Crawler  
  193  9:41  Zergling x2, Drone  
  193  9:42  Zergling x4, Drone, Spore Crawler  
  193  9:44  Zergling x4  
  188  9:46  Ravager, Drone, Spore Crawler  
  188  9:47  Zergling x4  
  188  9:49  Drone, Spore Crawler  
  188  9:50  Roach, Zergling x2  
  188  9:51  Hydralisk  
  188  9:52  Zergling x2  
  179  9:53  Drone, Spore Crawler  
  179  9:54  Roach x3, Hydralisk  
  179  9:57  Ravager  
  179  9:59  Baneling x2  
  177  10:00  Mutalisk, Baneling x2, Zergling x2  
  177  10:01  Baneling, Zergling x2  
  177  10:02  Mutalisk  
  177  10:03  Zerg Missile Weapons Level 3, Viper  
  177  10:04  Baneling x2  
  177  10:05  Adrenal Glands, Zergling x2  
  177  10:06  Mutalisk  
  189  10:07  Baneling  
  189  10:08  Baneling, Zergling x2  
  189  10:09  Zerg Ground Armor Level 3  
  189  10:10  Corruptor  
  189  10:13  Baneling x2, Zergling x2  
  193  10:14  Corruptor  
  193  10:16  Baneling x2, Zergling x2  
  193  10:17  Baneling x3, Zergling x2  
  193  10:18  Baneling x2, Zergling x2  
  193  10:19  Spore Crawler  
  193  10:20  Drone  
  193  10:21  Corruptor  
  198  10:22  Spine Crawler  
  198  10:23  Drone  
  198  10:24  Spine Crawler, Corruptor, Hatchery  
  198  10:27  Spine Crawler, Drone  
  200  10:29  Baneling x2  
  200  10:31  Drone x2  
  200  10:32  Drone x3  
  200  10:33  Drone  
  200  10:38  Drone  
  200  10:39  Drone  
  200  10:40  Zergling x2  
  200  10:41  Drone x3  
  200  10:43  Drone x2  
  200  10:44  Drone x2  
  200  10:45  Drone x3  
  200  10:46  Drone x2  
  200  10:51  Zerg Flyer Weapons Level 1  
  200  11:00  Spine Crawler, Drone  
  200  11:03  Zerg Melee Weapons Level 3  
  200  11:04  Spore Crawler  
  200  11:05  Drone  
  200  11:07  Drone, Spore Crawler  
  200  11:10  Drone, Spore Crawler  
  200  11:12  Zergling x4, Drone  
  200  11:14  Baneling x3  
  200  11:16  Zergling x2, Spore Crawler  
  199  11:47  Baneling  
  199  11:49  Drone, Hatchery  
  199  11:50  Drone  
  199  12:08  Drone  
  199  12:10  Drone  
  199  12:11  Zergling x6, Drone  
  199  12:15  Zergling x2  
  199  12:16  Zergling x2  
  199  12:17  Zergling x4  
  199  12:18  Zergling x4  
  199  12:19  Mutalisk x2, Zergling x2  
  199  12:20  Mutalisk  
  199  12:21  Roach  
  199  12:22  Roach x2, Drone, Queen x2  
  188  12:23  Roach x4  
  188  12:24  Roach x2, Hydralisk x2, Viper  
  188  12:25  Roach, Hydralisk, Drone  
  188  12:26  Roach x2, Infestor, Drone x6, Hydralisk x2  
  188  12:27  Roach x2, Hydralisk x3  
  188  12:28  Roach  
  180  12:32  Corruptor, Infestor  
  180  12:33  Infestor, Ultralisk Cavern  
  180  12:34  Infestor, Drone  
  180  12:35  Infestor, Drone x3  
  185  12:42  Drone x2  
  185  12:43  Infestor, Drone  
  185  12:44  Hydralisk, Corruptor, Drone  
  191  12:51  Baneling  
  191  12:52  Baneling x3  
  191  12:53  Baneling x2  
  191  12:57  Zergling x2, Extractor  
  191  13:01  Lurker, Extractor, Drone  
  191  13:02  Zerg Flyer Armor Level 1  
  192  13:11  Ravager  
  192  13:12  Ravager, Hatchery, Extractor, Drone  
  193  13:13  Drone  
  193  13:15  Extractor, Drone  
  194  13:22  Ultralisk  
  200  13:41  Drone x3  
  196  13:42  Drone x3  
  196  13:43  Infestor  
  196  13:47  Spine Crawler  
  196  13:48  Drone  
  200  13:50  Drone  
  200  13:52  Spine Crawler, Drone  
  200  13:53  Drone  
  200  13:54  Spine Crawler  
  198  13:56  Hydralisk, Drone  
  198  13:58  Spine Crawler, Drone x3  
  198  13:59  Drone  
  198  14:02  Spore Crawler  
  196  14:03  Ultralisk, Zergling x6, Drone  
  196  14:04  Zergling x10  
  196  14:05  Zergling x2  
  196  14:06  Ultralisk x2, Zergling x2, Spore Crawler  
  196  14:07  Roach, Ultralisk, Chitinous Plating, Drone  
  196  14:09  Ultralisk  
  200  14:10  Roach  
  200  14:12  Mutalisk, Ultralisk  
  200  14:13  Roach  
  200  14:15  Roach  
  200  14:16  Hydralisk  
  200  14:17  Hydralisk x2  
  197  14:21  Mutalisk x2  
  197  14:22  Baneling  
  197  14:23  Baneling x2  
  199  14:32  Mutalisk, Hatchery  
  200  14:42  Extractor, Drone  
  200  14:56  Zerg Flyer Weapons Level 2  
  200  14:58  Extractor, Drone  
  200  15:02  Baneling  
  200  15:04  Extractor, Drone  
  200  15:06  Baneling  
  200  15:07  Baneling  
  200  15:13  Spine Crawler, Drone  
  200  15:15  Spine Crawler, Drone  
  200  15:18  Spine Crawler, Drone  
  200  15:20  Spine Crawler  
  200  15:21  Drone  
  200  15:47  Spine Crawler  
  200  15:48  Drone  
  200  15:50  Spine Crawler, Drone  
  200  15:53  Drone, Spore Crawler  
  200  15:56  Drone, Spore Crawler  
  200  15:59  Spine Crawler, Drone  
  200  16:02  Spore Crawler  
  200  16:03  Drone  
  200  16:07  Drone, Spore Crawler  
  200  16:09  Drone, Spore Crawler  
  200  16:11  Drone, Spore Crawler  
  200  16:13  Drone, Spore Crawler  
  200  16:16  Drone, Spore Crawler  
  200  16:21  Drone, Spore Crawler  
  200  16:34  Spine Crawler  
  200  16:35  Drone  
  200  16:37  Spine Crawler, Drone  
  200  16:40  Spine Crawler  
  200  16:41  Drone  
  200  16:43  Spine Crawler  
  200  16:44  Drone  
  200  17:06  Zergling x2, Drone  
  200  17:08  Zergling x2  
  200  17:12  Zerg Flyer Armor Level 2  
  200  17:17  Zergling x2  
  200  17:18  Zergling x2  
  200  17:19  Zergling x8  
  200  17:20  Ultralisk  
  200  17:21  Ultralisk  
  190  17:22  Spore Crawler  
  190  17:23  Roach x2, Hydralisk, Drone  
  190  17:24  Roach, Mutalisk x3, Zergling x2, Ultralisk x2  
  190  17:25  Mutalisk x2, Baneling  
  190  17:26  Baneling, Mutalisk x2, Zergling x2, Roach, Ultralisk  
  190  17:27  Mutalisk x2, Ultralisk, Spore Crawler  
  190  17:28  Baneling x2, Mutalisk, Drone, Hydralisk  
  190  17:29  Mutalisk, Ultralisk  
  199  17:30  Mutalisk, Spore Crawler  
  199  17:31  Mutalisk, Hydralisk, Drone  
  199  17:33  Mutalisk x2, Ultralisk  
  199  17:34  Hydralisk, Overseer, Spore Crawler  
  199  17:35  Mutalisk x2, Drone  
  199  17:36  Baneling  
  199  17:37  Overseer  
  199  17:39  Overlord  
  199  17:40  Overlord x2  
  199  17:42  Overseer  
  199  18:03  Zergling x2  
  200  19:05  Overlord  
  200  19:08  Zergling x2  
  200  19:09  Roach, Zergling x4  
  193  19:10  Zergling x8  
  193  19:11  Ultralisk, Zergling x4  
  193  19:12  Roach x2, Ultralisk  
  193  19:13  Roach, Ultralisk x3, Mutalisk x5  
  193  19:14  Mutalisk, Ultralisk  
  193  19:15  Mutalisk x2, Ultralisk x2, Hydralisk  
  193  19:16  Hydralisk x3, Mutalisk  
  193  19:17  Mutalisk x2  
  191  19:18  Mutalisk  
  191  19:19  Mutalisk  
  191  19:20  Mutalisk  
  191  19:21  Mutalisk  
  191  19:22  Mutalisk x2  
  191  19:23  Corruptor x2, Mutalisk  
  199  19:26  Overlord x2  
  199  19:27  Overseer, Overlord  
  199  19:28  Zerg Flyer Weapons Level 3  
  199  19:30  Overlord  
  199  19:34  Overlord  
  199  19:36  Overseer, Overlord  
  199  19:37  Overseer  
  199  19:41  Ultralisk  
  187  19:49  Ultralisk  
  187  19:50  Overseer  
  187  19:52  Drone x2  
  185  19:53  Drone x2  
  185  19:54  Zergling x2, Overlord  
  185  19:55  Mutalisk, Zergling x4, Drone  
  185  19:56  Mutalisk, Zergling x2  
  185  19:59  Drone x2  
  193  20:00  Overseer, Overlord  
  190  20:07  Roach  
  190  20:08  Spine Crawler, Overseer  
  190  20:09  Drone  
  190  20:13  Zergling x4, Drone x2  
  190  20:14  Zergling x2, Drone x2  
  180  20:15  Mutalisk x3, Zergling x4, Drone  
  180  20:16  Mutalisk x3  
  180  20:17  Mutalisk  
  180  20:18  Overlord  
  180  20:19  Mutalisk x4, Drone  
  180  20:20  Mutalisk x2, Drone  
  180  20:21  Mutalisk  
  188  20:22  Corruptor x2, Ultralisk x2, Mutalisk  
  188  20:23  Infestor x3, Drone  
  188  20:24  Infestor  
  188  20:25  Queen x2  
  188  20:26  Hydralisk, Ultralisk x2  
  188  20:28  Corruptor, Queen  
  191  20:29  Roach  
  191  20:33  Roach, Drone  
  191  20:34  Roach x2, Hydralisk, Drone  
  180  20:35  Overseer  
  180  20:37  Hydralisk, Drone, Overlord  
  180  20:39  Corruptor  
  180  20:41  Hydralisk  
  180  20:42  Roach, Viper  
  188  20:44  Hydralisk  
  188  20:45  Drone, Hatchery  
  188  20:47  Drone  
  189  20:51  Extractor, Drone x2  
  189  20:53  Ravager  
  189  20:55  Viper, Drone  
  189  20:56  Roach  
  196  20:58  Drone  
  196  21:10  Mutalisk  
  196  21:11  Mutalisk  
  196  21:12  Roach  
  196  21:13  Roach, Drone  
  196  21:14  Mutalisk, Drone  
  196  21:16  Mutalisk  
  193  21:18  Overlord  
  193  21:20  Overlord x2  
  193  21:21  Overseer  
  193  21:23  Baneling, Overlord  
  193  21:24  Baneling x2  
  193  21:25  Baneling x4  
  192  21:26  Baneling x2  
  192  21:31  Hatchery  
  189  21:39  Zergling x2  
  189  21:40  Extractor, Drone  
  189  21:42  Drone x4  
  189  21:43  Extractor, Drone x2  
  189  21:44  Zergling x2, Drone  
  194  21:51  Mutalisk  
  194  21:53  Drone  
  194  21:54  Drone  
  195  21:55  Drone  
  195  21:59  Mutalisk  
  195  22:00  Drone  
  194  22:01  Mutalisk  
  194  22:03  Mutalisk x2  
  194  22:06  Zerg Flyer Armor Level 3  
  196  22:11  Baneling  
  196  22:12  Baneling x3, Zergling x2  
  196  22:14  Zergling x2  
  197  22:16  Drone, Hatchery  
  197  22:17  Ravager  
  197  22:20  Extractor, Drone  
  198  22:24  Drone  
  198  22:29  Drone  
  198  22:31  Baneling, Drone  
  198  22:32  Baneling x2  
  198  22:38  Zergling x2, Hatchery  
  198  22:41  Extractor, Drone  
  198  22:47  Drone  
  198  22:57  Drone  
  198  22:58  Drone  
  198  23:02  Overlord  
  198  23:09  Baneling  
  198  23:10  Baneling  
  198  23:11  Baneling, Zergling x2  
  193  23:12  Zergling x2  
  193  23:14  Mutalisk x2  
  193  23:20  Corruptor, Hydralisk  
  197  23:34  Baneling, Zergling x2  
  198  23:41  Zergling x2, Hatchery  
  198  23:55  Spine Crawler, Drone  
  198  23:58  Spine Crawler, Drone  
  198  23:59  Drone  
  198  24:02  Spine Crawler  
  198  24:03  Queen  
  198  24:04  Spine Crawler, Drone  
  198  24:07  Spine Crawler, Drone  
  197  24:13  Roach  
  197  24:15  Drone  
  197  24:26  Zergling x2  
  197  24:28  Zergling x6  
  197  24:29  Zergling x2  
  197  24:31  Zergling x4  
  197  24:37  Zergling x2, Spore Crawler  
  197  24:40  Drone, Spore Crawler  
  197  24:42  Spore Crawler  
  197  24:43  Drone  
  197  24:45  Spore Crawler  
Tags
 
Composition
Lurkers
League
Platinum
Matchup
ЗvТ
Opening
Pool First
Spawn Locations
Cross Positions
Add a new tag
Caveats
  • Supply blocks, unpowered buildings, or Contaminate may cause inaccurate times.
  • Supply counts are checked every 10 seconds.